[Event "NJSK 2022 Jeugd B"]
[Site "Almelo, Netherlands"]
[Date "2022.05.06"]
[Round "6.8"]
[White "De Heij, Mees"]
[Black "Blom, Rens"]
[Result "0-1"]
[TimeControl "90min/40moves + 30min + 30sec/move"]
[WhiteElo "1622"]
[BlackElo "1699"]

1. e4 d6 2. d4 Nf6 3. Nc3 g6 4. Be3 c6 5. a4 Nbd7 6. f4 e5 7. Nf3 Ng4 8. Qd2 Bh6 9. Ne2 Ndf6 10.
Qd3 Nxe4 11. h3 Nxe3 12. Qxe3 f5 13. dxe5 dxe5 14. Nxe5 Qa5+ 15. c3 Qxe5 16. fxe5 Bxe3 17. Rh2 Be6 18.
g3 Bd2+ 19. Kd1 Bb3# 0-1

[Event "NJSK 2022 Jeugd B"]
[Site "Almelo, Netherlands"]
[Date "2022.05.06"]
[Round "6.9"]
[White "Knol, Daniel"]
[Black "Wierenga, Jael"]
[Result "0-1"]
[TimeControl "90min/40moves + 30min + 30sec/move"]
[WhiteElo "1685"]
[BlackElo "1691"]

1. e4 c5 2. c3 Nf6 3. e5 Nd5 4.
Nf3 d6 5. exd6 e6 6. d4 Bxd6 7. Bc4 O-O 8. O-O Nb6 9. Bb3 Qc7 10. Na3 Bd7 11. Be3 c4 12. Bc2 Nd5 13. Qe2 b5 14.
Nb1 Nc6 15. Nbd2 f5 16. g3 Rae8 17. a4 a6 18. axb5 axb5 19. Ne5 Nxe5 20. dxe5 Bxe5 21. Ra7 Qc8 22. Nf3 Bb8 23. Raa1 e5 24. Rfd1 Bc6 25. Nh4 Nxe3 26.
Qxe3 Bb7 27. Qg5 Qc6 28. f3 h6 29. Qh5 e4 30. Nxf5 Qc5+ 31. Rd4 Qxf5 32. Qxf5 Rxf5 33. Bxe4 Bxe4 34.
fxe4 Rfe5 35. Rd5 Rxd5 36. exd5 Bc7 37. Kf2 Rd8 38. Rd1 Bb6+ 39. Kf3 Kf7 40. Kf4 Kf6 41. h4 Bc5 42. g4 g5+ 43.
hxg5+ hxg5+ 44. Ke4 Re8+ 45. Kf3 Re3+ 46. Kg2 Ke5 47. Rf1 Kxd5 48. Rf5+ Re5 0-1

[Event "NJSK 2022 Jeugd B"]
[Site "Almelo, Netherlands"]
[Date "2022.05.07"]
[Round "7.1"]
[White "Klaren, Oscar"]
[Black "Slagboom, Leandro"]
[Result "0-1"]
[TimeControl "90min/40moves + 30min + 30sec/move"]
[WhiteElo "1878"]
[BlackElo "1997"]

1. e4 c5 2. Nf3 a6 3. c3 d5 4. exd5 Qxd5 5. d4 Nf6 6. Na3 cxd4 7. Bc4 Qe4+ 8. Be3 e6 9. Qxd4 Qxd4 10.
Bxd4 Bxa3 11. bxa3 Nc6 12. Bb6 Nd7 13. Be3 b5 14. Be2 Na5 15. Nd2 Bb7 16. O-O Bd5 17. Rfc1 Rc8 18. a4 Nc4 19.
axb5 axb5 20. Nxc4 bxc4 21. Bd4 Ke7 22. f3 e5 23. Be3 f5 24. g3 Nc5 25. Bxc5+ Rxc5 26. Rcb1 g5 27. a4 Kd7 28.
Rb6 h5 29. Rab1 g4 30. Kf2 Ra8 31. Bd1 Bc6 32. Bc2 gxf3 33. Bxf5+ Kc7 34. Bc2 Rd8 35. Ke3 f2 36. R6b4 Bg2 37.
Ke2 f1=Q+ 38. Rxf1 Bxf1+ 39. Kxf1 Rd2 40. Be4 Rxh2 41. Rb7+ Kd6 42. Rh7 Ra2 43. Rh6+ Ke7 44. Rxh5 Ra3 45.
Kg2 Rxc3 46. Kh3 Re3 47. Bc2 Re2 48. Bd1 Rd2 0-1

[Event "NJSK 2022 Jeugd B"]
[Site "Almelo, Netherlands"]
[Date "2022.05.07"]
[Round "7.2"]
[White "Groen, Jari"]
[Black "Van der Hagen, Loek"]
[Result "0-1"]
[TimeControl "90min/40moves + 30min + 30sec/move"]
[WhiteElo "1750"]
[BlackElo "2071"]

1. e4 c5 2. c4 Nc6 3. Ne2 Qb6 4. Nbc3 g6 5. d3 Bg7 6. g3 d6 7. Bg2 Nf6 8. O-O O-O 9. f4 Bg4 10.
h3 Bxe2 11. Nxe2 Ne8 12. Rb1 Nc7 13. Be3 Qa5 14. a3 Ne6 15. f5 Ned4 16. g4 Nxe2+ 17. Qxe2 Bd4 18. g5 Rab8 19. f6 b5 20.
Bxd4 Nxd4 21. Qf2 exf6 22. gxf6 bxc4 23. dxc4 Rb3 24. Rbd1 h5 25. Qh4 Kh7 26. e5 dxe5 27. Be4 Kh6 28.
Kh1 g5 29. Qf2 Rxh3+ 30. Kg2 Rh4 31. Rxd4 exd4 32. Qf5 Rxe4 33. Qxe4 Qd2+ 34. Rf2 Qe3 35. Qb7 g4 36. Qxa7 Re8 37.
Qxf7 Qh3+ 0-1

[Event "NJSK 2022 Jeugd B"]
[Site "Almelo, Netherlands"]
[Date "2022.05.07"]
[Round "7.3"]
[White "Labruyere, Roger"]
[Black "Achuthan, Dylan"]
[Result "1-0"]
[TimeControl "90min/40moves + 30min + 30sec/move"]
[WhiteElo "2199"]
[BlackElo "1995"]

1. e4 c5 2. c3 d5 3. exd5 Qxd5 4.
d4 Nc6 5. Nf3 Bg4 6. Be2 e6 7. Na3 Nf6 8. Be3 cxd4 9. Nb5 Qd7 10. Nbxd4 Be7 11. h3 Bh5 12. g4 Bg6 13. Bb5 Qc7 14.
Qa4 Be4 15. g5 Bxf3 16. Nxf3 Nd5 17. Bd2 O-O 18. Qe4 Qd6 19. O-O-O f5 20. Qe2 Nf4 21. Qc4 Nd5 22. Rhe1 Rac8 23.
Qe2 Nd8 24. Ne5 a6 25. Bc4 b5 26. Bxd5 Qxd5 27. Kb1 Nc6 28. Nd3 Nd8 29. Bf4 Qc4 30. Qf3 b4 31. Ne5 Qb5 32. c4 Qa5 33.
b3 Re8 34. Rd7 Qc5 35. h4 Nc6 36. Nxc6 Qxc6 37. Qxc6 Rxc6 38. Red1 Bf8 39. Be5 Re7 40. f4 Kf7 41. h5 Rb6 42. Rd8 g6 43. hxg6+ hxg6 44. Rh1 1-0

[Event "NJSK 2022 Jeugd B"]
[Site "Almelo, Netherlands"]
[Date "2022.05.07"]
[Round "7.4"]
[White "Bakija, Alan"]
[Black "Smid, Jelle"]
[Result "1-0"]
[TimeControl "90min/40moves + 30min + 30sec/move"]
[WhiteElo "1868"]
[BlackElo "1450"]

1. Nf3 f5 2. c4 Nf6 3. g3 d6 4. d4 e6 5. Bg2 Be7 6. O-O O-O 7. b3 Ne4 8. Bb2 Bf6 9. Nbd2 Nxd2 10.
Qxd2 Qe7 11. Ne1 e5 12. dxe5 dxe5 13. Nd3 Nd7 14. e4 f4 15. gxf4 exf4 16. e5 Bg5 17. Bd5+ Kh8 18. f3 Rd8 19.
Qg2 Nf8 20. Ba3 Qxa3 21. Qxg5 Be6 22. Nxf4 Bg8 23. Bxb7 Rab8 24. Bd5 Re8 25. Kh1 Qb2 26. Rae1 Rb6 27. Rg1 Ng6 28. Bxg8 Kxg8 29.
Nd5 Ra6 30. Rg2 Rxe5 31. Qd8+ Kf7 32. Rxb2 Rxe1+ 33. Kg2 1-0

[Event "NJSK 2022 Jeugd B"]
[Site "Almelo, Netherlands"]
[Date "2022.05.07"]
[Round "7.5"]
[White "Wage, Sander"]
[Black "Niemeijer, Leon"]
[Result "1/2-1/2"]
[TimeControl "90min/40moves + 30min + 30sec/move"]
[WhiteElo "1859"]
[BlackElo "1693"]

1. e4 e6 2. d4 d5 3. Bd3 dxe4 4. Bxe4 Nf6 5. Bf3 c5 6. Ne2 cxd4 7. Nxd4 Bc5 8. Be3 e5 9. Nb3 Qxd1+ 10. Bxd1 Bxe3 11. fxe3 Nc6 12. Nc3 e4 13. O-O O-O 14. Nc5 Re8 15. Rf4 Nb4 16. N5xe4 Nxe4 17. Rxe4 Rxe4 18. Nxe4 Bf5 19. Nd6 Bxc2 20. Bxc2 Nxc2 21.
Rc1 Nxe3 22. Nxb7 f6 23. b3 Rb8 24. Kf2 Ng4+ 25. Kg3 Rxb7 26. Kxg4 Kf7 27. Rc6 g6 28. Kf3 h5 29. Ra6 1/2-1/2

[Event "NJSK 2022 Jeugd B"]
[Site "Almelo, Netherlands"]
[Date "2022.05.07"]
[Round "7.6"]
[White "Blom, Rens"]
[Black "De Rooij, Kevin"]
[Result "1-0"]
[TimeControl "90min/40moves + 30min + 30sec/move"]
[WhiteElo "1699"]
[BlackElo "1584"]

1. c4 e5 2. Nc3 Nf6 3. Nf3 Nc6 4. e4 Bc5 5. Nxe5 Nxe5 6. d4 Bb4 7. dxe5 Nxe4 8. Qd4 Nxc3 9. bxc3 Be7 10.
Qg4 g6 11. Qg3 d6 12. Ba3 dxe5 13. Qxe5 f6 14. Qe3 Kf7 15. Rd1 Bd7 16. c5 Re8 17. Bc4+ Kg7 18. O-O Qc8 19. c6 Bxc6 20.
Bxe7 Bxg2 21. Bxf6+ Kxf6 22. Qf4+ Kg7 23. Kxg2 Rf8 24. Qe5+ Kh6 25. Rd3 Rf5 26. Rh3+ Rh5 27. Rxh5+ gxh5 28. Qf6# 1-0

[Event "NJSK 2022 Jeugd B"]
[Site "Almelo, Netherlands"]
[Date "2022.05.07"]
[Round "7.7"]
[White "De Heij, Mees"]
[Black "Van Egmond, Tom"]
[Result "1/2-1/2"]
[TimeControl "90min/40moves + 30min + 30sec/move"]
[WhiteElo "1622"]
[BlackElo "1672"]

1. e4 e5 2. Nf3 Nc6 3. Bc4 Nf6 4. Nc3 Nxe4 5. Nxe4 d5 6. Bxd5 Qxd5 7. Nc3 Qd8 8. h3 Be6 9. d3 f6 10.
O-O Qd7 11. Re1 O-O-O 12. Qe2 g5 13. Nh2 h5 14. Ne4 Be7 15.
Be3 Rdg8 16. f3 g4 17. fxg4 hxg4 18. Nxg4 f5 19. Ngf6 Bxf6 20. Nxf6 Qg7 21. Nxg8 Rxg8 22. Qf3 f4 23.
Bf2 Nb4 24. Re2 Bd5 25. Qg4+ Qxg4 26. hxg4 Rxg4 27. Bc5 f3 28. Rxe5 Rxg2+ 29. Kf1 Nxc2 30. Rc1 Bc6 31. a3 Rd2 32.
Bf2 a6 33. Rc5 Bb5 34. Rc3 Ba4 35. b3 Bb5 36. a4 Bxd3+ 37. Rxd3 Rxd3 38. Rxc2 Rxb3 39. Be1 Kd7 40. Bg3 c6 41.
a5 Rb5 42. Rd2+ Kc8 43. Ra2 b6 44. axb6 Rxb6 45. Kf2 Rb3 46. Rxa6 Kb7 47. Ra2 Kb6 48. Rc2 Kb5 49. Bd6 Kb6 50.
Bc5+ Kb7 51. Be3 Kc7 52. Kxf3 Kd6 53. Ke4 Rb4+ 54. Kf5 Rb5+ 55. Kf6 Kd5 56. Rd2+ Ke4 57. Bg1 Rd5 58. Rc2 Rf5+ 59.
Ke6 Re5+ 60. Kd6 Rg5 61. Bc5 Rg6+ 62. Kc7 Kd5 63. Bb4 Rh6 64. Rd2+ Kc4 65. Bd6 Kc3 66. Rf2 Kc4 67. Kxc6 Kd3 68.
Kd5 Rh5+ 69. Be5 Ke3 70. Rg2 Kf3 71. Rg3+ Kf2 72. Ra3 Ke2 73. Ke4 Kf2 74. Ra2+ Kf1 75. Bg3 Rb5 76. Bf4 Rb3 77.
Be3 Rb7 78. Kf3 Rf7+ 79. Bf4 Re7 80. Bg5 Rf7+ 81. Bf4 Re7 82. Rf2+ Ke1 83. Rc2 Kf1 1/2-1/2

[Event "NJSK 2022 Jeugd B"]
[Site "Almelo, Netherlands"]
[Date "2022.05.07"]
[Round "7.8"]
[White "Alvares, Thomas"]
[Black "Wierenga, Jael"]
[Result "0-1"]
[TimeControl "90min/40moves + 30min + 30sec/move"]
[WhiteElo "1789"]
[BlackElo "1691"]

1. e4 c5 2. Nc3 e6 3. g3 b6 4. Bg2 Bb7 5. Nge2 Nf6 6. O-O d5 7. exd5 Nxd5 8. Qe1 Be7 9. Nf4 Na6 10.
a3 Qd7 11. Ncxd5 exd5 12. Qe5 O-O 13. Nxd5 Rfe8 14. Qe4 Rab8 15. Qd3 Rbd8 16. Nf4 Qa4 17. b3 Rxd3 18. bxa4 Bxg2 19. Kxg2 Rd4 20.
Re1 Nc7 21. d3 Bf6 22. Bb2 Rxf4 23. gxf4 Bxb2 24. Rxe8+ Nxe8 25. Rb1 Bc3 26. Kf3 Nd6 27. Rb3 Bd2 28. h3 f5 29. Rb1 Kf7 30. Rd1 Bc3 31. Rg1 Ke6 32.
Rb1 Kd5 33. Rb3 Bf6 34. c4+ Kd4 35. a5 Bd8 36. axb6 axb6 37. Ke2 Ne8 38. a4 Bc7 39. a5 bxa5 40. Rb7 Kc3 41. Ra7 Kb3 42.
Rb7+ Ka3 43. Rb5 a4 44. Rxc5 Kb2 45. Rb5+ Kc2 46. Rb7 a3 47. Ra7 Kb3 48. d4 a2 49. c5 Nd6 50. cxd6 Bxd6 51.
Kd1 Ba3 0-1

[Event "NJSK 2022 Jeugd B"]
[Site "Almelo, Netherlands"]
[Date "2022.05.07"]
[Round "7.9"]
[White "Knol, Daniel"]
[Black "Aarts, Joaquin"]
[Result "1/2-1/2"]
[TimeControl "90min/40moves + 30min + 30sec/move"]
[WhiteElo "1685"]
[BlackElo "1631"]

1. e4 c5 2. c3 d5 3. exd5 Qxd5 4.
Nf3 Nc6 5. Na3 Bg4 6. Be2 e5 7. d3 Nge7 8. Nc2 Bxf3 9. Bxf3 Qd6 10. Be3 Rd8 11. Qe2 g6 12. Rd1 Bg7 13. O-O O-O 14.
g3 b6 15. Bg2 Qc7 16. f4 Nf5 17. fxe5 Nxe3 18. Nxe3 Bxe5 19. Ng4 Bg7 20. Qe4 Ne7 21. Nf6+ Bxf6 22. Rxf6 Nf5 23. Qc6 Qxc6 24.
Rxc6 Ne3 25. Rd2 Nxg2 26. Kxg2 Rd7 27. Rf6 1/2-1/2



[ePGN "0.1;DGT LiveChess/2.2.5"]

[Event "NJSK 2022 Meisjes C"]
[Site "Almelo, Netherlands"]
[Date "2022.05.01"]
[Round "1.1"]
[White "Gergin, Isafara"]
[Black "Roebers, Bregje"]
[Result "1/2-1/2"]
[TimeControl "90min/40moves + 30min + 30sec/move"]
[WhiteElo "1723"]
[BlackElo "1214"]

1. e4 e5 2. Nf3 Nc6 3. Bc4 Nf6 4. d3 Be7 5. c3 d6 6. Bb3 Bg4 7. h3 Bh5 8. g4 Bg6 9. Nbd2 h5 10.
g5 Nd7 11. Nf1 Nc5 12. Ng3 Nxb3 13. Qxb3 b6 14. Be3 Na5 15. Qc2 Nb7 16. O-O-O Qd7 17. Nh4 O-O-O 18. Nxg6 fxg6 19. d4 Qe6 20.
d5 Qd7 21. Ne2 Rhf8 22. Rdf1 Rf7 23. h4 Rdf8 24. f4 Qg4 25. Qd2 Qd7 26. Rf2 Qg4 27. Rhf1 Qxh4 28. Rf3 Qg4 29. Rg3 Qd7 30.
Rf2 Qa4 31. b4 Qb5 32. Qc2 Qd7 33. Rgf3 Bxg5 34. Rg2 Bh6 35. Qd2 Rf6 36. Kb2 Qb5 37. Rgf2 Na5 38. Ka1 Nb7 39. f5 Bxe3 40.
Qxe3 gxf5 41. Rxf5 Rxf5 42. exf5 Qxd5 43. Ng3 Qf7 44. Qe4 Kb8 45. Qh4 Rh8 46. Rh2 Qf6 47. Qh3 Qg5 48. Rh1 h4 49.
Ne4 Qf4 50. Qg2 Qxf5 51. Qxg7 Qh7 52. Qg4 h3 53. Nf6 Qh4 54. Nd7+ Ka8 55. Qf3 Qe7 56. Qc6 Rd8 57. Nxb6+ cxb6 58.
Rxh3 Qd7 59. Qh1 Rc8 60. Rh7 Qc6 61. Qxc6 Rxc6 62. Rh8+ Nd8 63. Rxd8+ Kb7 64. Rd7+ Rc7 65. Rxd6 Rxc3 66. Re6 Re3 67. Kb2
Re2+ 68. Kb1 e4 69. a4 e3 70. Kc1 Re1+ 71. Kc2 e2 72. Kd2 Rb1 73. Kxe2 Rb3 74. Kd2 Rxb4 75. Re7+ Ka6 76. a5 bxa5 77. Kc3 Rb6 78. Re4 Kb5 79. Kb2 Kc5+ 80. Ka3 Kd5 81. Rh4 Rb1 82.
Ka2 Rb4 83. Rh5+ Kc4 84. Rxa5 Rb7 85. Ra4+ Kc3 86. Rh4 Rd7 87. Rh3+ Rd3 88. Rxd3+ Kxd3 89. Ka3 Kc4 90. Ka4 Kc5 91.
Ka5 Kc6 92. Ka6 Kc7 93. Kxa7 1/2-1/2

[Event "NJSK 2022 Meisjes C"]
[Site "Almelo, Netherlands"]
[Date "2022.05.01"]
[Round "1.2"]
[White "Liu, Chia-Yun"]
[Black "Feng, Elysia"]
[Result "1/2-1/2"]
[TimeControl "90min/40moves + 30min + 30sec/move"]
[WhiteElo "1148"]
[BlackElo "1641"]

1. e4 e5 2. Nf3 Nc6 3. Bc4 Bc5 4. c3 Nf6 5. d3 O-O 6. a4 a5 7. O-O d6 8. Nbd2 Bg4 9. h3 Bh5 10.
Re1 Qd7 11. Nf1 Ne7 12. Ng3 Bg6 13. Nh4 Kh8 14. Bg5 Nfg8 15. Rf1 Qe8 16. Kh1 f6 17. Be3 Bxe3 18. fxe3 Bf7 19. Bxf7 Qxf7 20.
d4 Ng6 21. Nhf5 N8e7 22. Qe2 c6 23. Nxd6 Qb3 24. Ra3 Qb6 25. Ngf5 Qc7 1/2-1/2

[Event "NJSK 2022 Meisjes C"]
[Site "Almelo, Netherlands"]
[Date "2022.05.01"]
[Round "1.3"]
[White "Maris, Lauri"]
[Black "Kulikova, Polina"]
[Result "1-0"]
[TimeControl "90min/40moves + 30min + 30sec/move"]
[WhiteElo "1619"]
[BlackElo "1117"]

1. e4 e5 2. Nf3 Nc6 3. Bb5 a6 4. Bxc6 dxc6 5. O-O Nf6 6. d3 Bd6 7. Bg5 Bg4 8. Nbd2 h6 9. Bh4 g5 10.
Bg3 Nh5 11. h3 Nxg3 12. fxg3 Be6 13. Nh2 Qd7 14. g4 O-O-O 15. Qf3 Rdf8 16. Kh1 f6 17. Qe3 Kb8 18. Nb3 b6 19. Qe2 Kb7 20.
c4 Be7 21. a4 Rd8 22. Rfd1 a5 23. Nc1 Bf7 24. Rf1 h5 25. b3 hxg4 26. Qxg4 Bh5 27. Qxd7 Rxd7 28. Ra2 Rf8 29. g4 Bg6 30.
Kg2 Bc5 31. Nf3 Ka6 32. Ne1 Be3 33. Ne2 Bc5 34. Rf3 Be7 35. Nc1 Rb8 36. Nc2 Bf7 37. Na3 Bg8 38. Rff2 Bxa3 39. Rxa3 Rf8 40.
Raa2 b5 41. axb5+ cxb5 42. Ra3 bxc4 43. bxc4 Kb6 44. Rb2+ Kc6 45. Rxa5 Kd6 46. Ra7 Rfd8 47. Ra6+ Ke7 48. c5 Rc8 49.
Rb7 Bf7 50. Raa7 Kd8 51. Ra6 Ke7 52. Rc6 Bg8 53. Kf2 Bf7 54. Ra7 Bg8 55. Kf3 Bf7 56. Raa6 Rb8 57. Ke3 Rb1 58. Kd2 Rb2+ 59.
Kc3 Rh2 60. Rxf6 Rxh3 61. Rf5 Rh1 62. Ra1 Ke6 63. Rxg5 Kf6 64. Rf5+ Kg6 65. Rxe5 Rg1 66. Ra6+ Kh7 67. Ne2 Rxg4 68.
Nd4 Rg1 69. Ra7 Rc1+ 70. Nc2 Rd1 71. d4 Rd3+ 72. Kxd3 Bb3 73. d5 Rg7 74. d6 cxd6 75. Rxg7+ Kxg7 76. cxd6 Kf6 77.
Kd4 Bxc2 78. d7 Bxe4 79. Rxe4 Kg6 80. d8=Q Kf5 1-0

[Event "NJSK 2022 Meisjes C"]
[Site "Almelo, Netherlands"]
[Date "2022.05.01"]
[Round "1.4"]
[White "Van Apeldoorn, Vera"]
[Black "Tunyluhulima, Serana"]
[Result "1-0"]
[TimeControl "90min/40moves + 30min + 30sec/move"]
[WhiteElo "1022"]
[BlackElo "1617"]

1. d4 d5 2. c4 Nf6 3. cxd5 Qxd5 4. Nc3 Qd8 5. Nf3 e6 6. Bg5 Bb4 7. e3 a6 8. Bd3 Nc6 9. O-O Bxc3 10.
bxc3 h6 11. Bh4 O-O 12. Ne5 g5 13. Nxc6 bxc6 14. Bg3 Bb7 15. Rb1 Rb8 16. Be5 Nd7 17. Bg3 Nf6 18. Bc2 Qd5 19. Qd3 c5 20.
f3 c4 21. Qe2 Qc6 22. Rb4 a5 23. Rxc4 Ba6 24. Rxc6 Bxe2 25. Re1 Bb5 26. Rxc7 Rfc8 27. Ra7 Ra8 28. Rxa8 Rxa8 29. Rb1 Bc4 30.
Bb3 Bd3 31. Rc1 a4 32. Bc2 Bc4 33. a3 Nd5 34. Be4 Ra6 35. Bxd5 exd5 36. e4 dxe4 37. fxe4 Rf6 38. h3 Rb6 39. d5 Rb3 40. Bd6 f6 41.
Bb4 Bd3 42. d6 Bb5 43. Rd1 Rb2 44. d7 Bxd7 45. Rxd7 h5 46. c4 g4 47. hxg4 hxg4 48. Kh2 Re2 49. Re7 Re3 50. c5 f5 51.
c6 Re2 52. c7 Rc2 53. Re8+ Kf7 54. c8=Q Rxc8 55. Rxc8 fxe4 56. Rc5 Kf6 57. Kg3 e3 58. Kxg4 e2 59. Kf3 Ke6 60. Kxe2 Kd6 61.
Rh5+ Ke6 62. Be1 Kf6 63. Kf3 Ke6 64. Ke4 Kd6 65. Rg5 Kc6 66. Kd4 Kd6 67. Rg6+ Ke7 68. Kd5 Kf7 69. Ra6 Kg7 70.
Ke5 Kh7 71. Kf5 Kg7 72. Rb6 Kf7 73. Rb7+ Ke8 74. Ke6 Kf8 75. Rc7 Kg8 76. Kf6 Kh8 77. Kg6 Kg8 78. Rc8# 1-0

[Event "NJSK 2022 Meisjes C"]
[Site "Almelo, Netherlands"]
[Date "2022.05.01"]
[Round "1.5"]
[White "Damen, Josephine"]
[Black "Yildirim, Azra"]
[Result "1-0"]
[TimeControl "90min/40moves + 30min + 30sec/move"]
[WhiteElo "1600"]
[BlackElo "985"]

1. e4 e5 2. Nf3 Nc6 3. Bc4 Bc5 4. c3 Nf6 5. d4 exd4 6. cxd4 Bb4+ 7. Nc3 Bxc3+ 8. bxc3 Nxe4 9. Qd3 d5 10.
O-O O-O 11. Bb3 g6 12. Re1 Bf5 13. Qe3 Re8 14. Ne5 Qd6 15. f3 b5 16. fxe4 Bxe4 17. Nxc6 Qxc6 18. Qg3 Qf6 19. Rf1 Qb6 20.
Qf2 f5 21. Bh6 Re7 22. g4 Rae8 23. gxf5 a5 24. f6 Rf7 25. Rae1 Qe6 26. Qh4 Qd7 27. Qg5 c5 28. Bxd5 Bxd5 29.
Rxe8+ Qxe8 30. Qxd5 cxd4 31. cxd4 Kh8 32. Bg7+ Kg8 33. Kf2 h5 34. Re1 Qb8 35. Kg2 Qc8 36. Qe6 Qxe6 37. Rxe6 Rxg7 38.
fxg7 Kxg7 39. Re5 a4 40. Rxb5 a3 41. Ra5 Kf6 42. Rxa3 Kf5 43. Re3 Kf4 44. Re8 Kf5 45. d5 Kf6 46.
d6 h4 47. d7 Kf7 48. d8=Q g5 49. Qe7+ Kg6 50. Qe6+ Kg7 51. Rg8+ Kh7 52. Qg6# 1-0

[Event "NJSK 2022 Meisjes C"]
[Site "Almelo, Netherlands"]
[Date "2022.05.01"]
[Round "1.6"]
[White "De Bruijne, Marlies"]
[Black "Knobbe, Elise"]
[Result "0-1"]
[TimeControl "90min/40moves + 30min + 30sec/move"]
[WhiteElo "858"]
[BlackElo "1553"]

1. e4 c5 2. Nf3 Nc6 3. Nc3 g6 4. Bc4 Bg7 5. O-O e6 6. d3 Nge7 7. Be3 d5 8. exd5 exd5 9. Bxc5 dxc4 10.
Bxe7 Nxe7 11. dxc4 O-O 12. Re1 Be6 13. Ng5 Nf5 14. Nxe6 fxe6 15. Rxe6 Qc8 16. Qd5 Kh8 17. Rae1 Rd8 18.
Qe4 Rf8 19. g3 Nd4 20. Nb5 Nxe6 21. Qxe6 Qxe6 22. Rxe6 a6 23. Nd6 Rf6 24. Re8+ Rxe8 25. Nxe8 Re6 26. Nc7 Rc6 27. Nd5 Bxb2 28.
Ne3 Bd4 29. Nd1 Rxc4 30. c3 Bxc3 31. Nxc3 Rxc3 32. Kg2 Ra3 33. Kh3 Rxa2 34. f4 b5 35. f5 gxf5 36. Kh4 h6 37. h3 Rh2 38.
g4 f4 39. g5 hxg5+ 40. Kh5 Rxh3+ 41. Kxg5 Kg7 42. Kxf4 Kf6 43. Kg4 b4 44. Kxh3 b3 45. Kg4 b2 46. Kf4 b1=Q 47. Ke3 Qb4 48.
Kd3 Ke5 49. Ke3 Qe4+ 50. Kf2 Qd3 51. Kg2 Kf4 52. Kh2 Kg4 53. Kg2 Qd2+ 54. Kf1 Kg3 55. Kg1 Qg2# 0-1

[Event "NJSK 2022 Meisjes C"]
[Site "Almelo, Netherlands"]
[Date "2022.05.01"]
[Round "1.7"]
[White "Westerhof, Fleur"]
[Black "Koorevaar, Sarah-Joy"]
[Result "1-0"]
[TimeControl "90min/40moves + 30min + 30sec/move"]
[WhiteElo "1509"]
[BlackElo "849"]

1. e4 c5 2. Nf3 Nc6 3. d4 cxd4 4. Nxd4 e6 5. Nc3 a6 6. Be2 Qc7 7. O-O Bd6 8. h3
Nf6 9. Kh1 b5 10. Ndxb5 axb5 11. Nxb5 Qb8 12. Nxd6+ Ke7 13. Nxc8+ Rxc8 14. Bd3
Ra4 15. c3 Qa8 16. b3 Rxa2 17. Rxa2 Qxa2 18. Qc2 Qxc2 19. Bxc2 Nd4 20. cxd4
Rxc2 21. f3 Rc3 22. Ba3+ d6 23. e5 Ne8 24. exd6+ Nxd6 25. Rb1 Kd7 26. Bc5 Nb5
27. b4 Rd3 28. Ra1 Nxd4 29. Ra7+ Kc6 30. Rxf7 Nf5 31. Bf8 Ng3+ 32. Kg1 Ne2+ 33.
Kf2 Rd2 34. Ke3 Ra2 35. Rxg7 h5 36. Rg5 h4 37. Rg4 Ng3 38. Kf4 Rxg2 39. Rxh4
1-0

[Event "NJSK 2022 Meisjes C"]
[Site "Almelo, Netherlands"]
[Date "2022.05.01"]
[Round "1.8"]
[White "Verbunt, Lisa"]
[Black "Jonkman, Sophia"]
[Result "1-0"]
[TimeControl "90min/40moves + 30min + 30sec/move"]
[WhiteElo "807"]
[BlackElo "1417"]

1. e4 e6 2. d4 d5 3. e5 c5 4. c3 Nc6 5. Nf3 Nge7 6. Be2 Nf5 7. O-O Be7 8. Nbd2
cxd4 9. cxd4 Nfxd4 10. Nxd4 Nxd4 11. Nb3 Nxb3 12. Qxb3 O-O 13. Qg3 f6 14. Bh6
g6 15. Bxf8 Qxf8 16. Rac1 Bd8 17. Rc3 Qb4 18. Rfc1 Qxb2 19. Rxc8 Rxc8 20. Rxc8
Qb1+ 21. Bf1 Qb6 22. exf6 Kf7 23. Qb3 Qd6 24. Qxb7+ Kxf6 25. Qxh7 Bb6 26. Bd3
Qa3 27. Qxg6+ Ke7 28. Re8+ Kd6 29. Qxe6+ Kc5 30. Qe7+ 1-0

[Event "NJSK 2022 Meisjes C"]
[Site "Almelo, Netherlands"]
[Date "2022.05.01"]
[Round "1.9"]
[White "Fu, Janice"]
[Black "Hagen, Carlijn"]
[Result "1-0"]
[TimeControl "90min/40moves + 30min + 30sec/move"]
[WhiteElo "1344"]
[BlackElo "783"]

1. e4 e5 2. Nf3 Nc6 3. Bc4 Nf6 4. d3 Bc5 5. Nc3 d6 6. h3 h6 7. Bd2 a6 8. a3 Bd7
9. O-O O-O 10. Re1 Qe7 11. b4 Ba7 12. Rb1 b5 13. Nd5 Nxd5 14. Bxd5 Rab8 15. Be3
Nd4 16. c3 Nxf3+ 17. Qxf3 Bxe3 18. Qxe3 c6 19. Bb3 Rbc8 20. d4 exd4 21. cxd4
Qf6 22. Rbd1 Rce8 23. e5 Qe7 24. Qg3 d5 25. Bc2 Qd8 26. f4 f6 27. Qd3 f5 28.
Qc3 Re6 29. Re3 Rg6 30. Rg3 Rxg3 31. Qxg3 a5 32. Re1 Be6 33. Qc3 axb4 34. Qxb4
Qb6 35. Rd1 Ra8 36. Qd6 Kf7 37. Kh1 Rd8 38. Qb4 Qa6 39. a4 bxa4 40. Qxa4 Ra8 41.
Qb4 Qe2 42. Qb7+ Kg6 43. Qxa8 Qxc2 44. Rf1 Qe2 45. Qe8+ Kh7 46. Rc1 Bg8 47.
Qxc6 Qf2 48. e6 Qxf4 49. e7 Bf7 50. Re1 Be8 51. Qxe8 Qd2 52. Rb1 Qc2 53. Qb8 f4
54. e8=Q Qd3 55. Qg8+ Kg6 56. Qd6+ Kh5 57. Qf7+ Kh4 58. Qdxf4# 1-0

[Event "NJSK 2022 Meisjes C"]
[Site "Almelo, Netherlands"]
[Date "2022.05.02"]
[Round "2.1"]
[White "Westerhof, Fleur"]
[Black "Maris, Lauri"]
[Result "1-0"]
[TimeControl "90min/40moves + 30min + 30sec/move"]
[WhiteElo "1509"]
[BlackElo "1619"]

1. e4 e5 2. Nf3 Nc6 3. d4 exd4 4. Bc4 Bb4+ 5. c3 dxc3 6. O-O Nge7 7. a3 Bd6 8. Nxc3 O-O 9. Bg5 Qe8 10.
Nh4 Be5 11. f4 Bxc3 12. bxc3 d6 13. f5 h6 14. Qh5 Ne5 15. Bxh6 Nxc4 16. Bxg7 f6 17. Qh8+ Kf7 18. Bxf8 Qxf8 19.
Qh5+ Kg8 20. Rf3 Qf7 21. Qh6 Qf8 22. Rg3+ Kf7 23. Qh5+ Ng6 24. fxg6+ Ke7 25. g7 Qg8 26. Ng6+ Kd8 27.
Qh8 Be6 28. h4 Ke8 29. h5 Kf7 30. h6 Rc8 31. Qxg8+ Kxg8 32. Ne7+ Kh7 33. Nxc8 Ne5 34. Ne7 Kxh6 35. g8=Q Bxg8 36.
Nxg8+ 1-0

[Event "NJSK 2022 Meisjes C"]
[Site "Almelo, Netherlands"]
[Date "2022.05.02"]
[Round "2.2"]
[White "Fu, Janice"]
[Black "Damen, Josephine"]
[Result "0-1"]
[TimeControl "90min/40moves + 30min + 30sec/move"]
[WhiteElo "1344"]
[BlackElo "1600"]

1. e4 e5 2. Nf3 Nc6 3. Bc4 Nf6 4. d3 Bc5 5. Nc3 O-O 6. Bg5 h6 7. Be3 Bb6 8. h3 d6 9. O-O Be6 10.
Bb3 Qd7 11. Bxb6 axb6 12. Qe2 Rfe8 13. Ba4 Qc8 14. Bxc6 bxc6 15. d4 exd4 16. Nxd4 b5 17. Qe3 b4 18. Nce2 Bc4 19. f3 c5 20.
Nb3 Qa6 21. Rfe1 Nd5 22. Qf2 Bxe2 23. Rxe2 Nf4 24. Ree1 Re5 25. Qd2 g5 26. g3 Ng6 27. Kh2 Rae8 28. a3 Qb5 29. a4 Qa6 30.
Nc1 f5 31. Nd3 R5e7 32. exf5 Ne5 33. f6 Nxf3+ 34. Kg2 Nxd2 35. Rxe7 Qc6+ 36. Kg1 Rxe7 37. fxe7 Kf7 38. a5 Kxe7 39.
a6 Nc4 40. a7 Qa8 41. h4 Ne5 0-1

[Event "NJSK 2022 Meisjes C"]
[Site "Almelo, Netherlands"]
[Date "2022.05.02"]
[Round "2.3"]
[White "Knobbe, Elise"]
[Black "Van Apeldoorn, Vera"]
[Result "0-1"]
[TimeControl "90min/40moves + 30min + 30sec/move"]
[WhiteElo "1553"]
[BlackElo "1022"]

1. c4 e5 2. Nc3 Nf6 3. g3 Bb4 4. Bg2 O-O 5. e4 Nc6 6. Nge2 d6 7. O-O Bd7 8. Nd5 Nxd5 9. cxd5 Ne7 10.
a3 Ba5 11. b4 Bb6 12. Bb2 f5 13. d3 Qc8 14. Rc1 fxe4 15. dxe4 Bh3 16. Qc2 Bxg2 17. Kxg2 c6 18. dxc6 Nxc6 19.
Qb3+ Kh8 20. Qd3 Qe6 21. Nc3 Rf6 22. Nd5 Rh6 23. h4 Qg6 24. Rh1 Bd8 25. Kf1 Qf7 26. Ne3 Bb6 27. Rc2 Rf6 28.
Rh2 Rf3 29. Kg1 Rf8 30. Qd2 Bxe3 31. fxe3 Rf1+ 32. Kg2 Rg1+ 33. Kh3 Qe6+ 34. g4 Rf3# 0-1

[Event "NJSK 2022 Meisjes C"]
[Site "Almelo, Netherlands"]
[Date "2022.05.02"]
[Round "2.4"]
[White "Feng, Elysia"]
[Black "Verbunt, Lisa"]
[Result "1-0"]
[TimeControl "90min/40moves + 30min + 30sec/move"]
[WhiteElo "1641"]
[BlackElo "807"]

1. e4 e6 2. d4 d5 3. e5 c5 4. c3 Nc6 5. Nf3 Qb6 6. Bd3 cxd4 7. cxd4 Bd7 8. O-O Nxd4 9. Nxd4 Qxd4 10.
Nc3 Ne7 11. Nb5 Qb6 12. Be3 Qd8 13. Nd6# 1-0